 Dungeon Crawl Stone Soup version 0.28.0-45-g0d030f2227 (webtiles) character file.

Game seed: 15970373786613118687

66 MisterFreud the Covert (level 4, -6/41 HPs)
             Began as a Gnoll Delver on May 23, 2022.
             Mangled by a water moccasin (7 damage)
             ... in a sewer.
             The game lasted 00:01:39 (380 turns).

MisterFreud the Covert (Gnoll Delver)                Turns: 380, Time: 00:01:39

Health: -6/41      AC:  3    Str: 11    XL:     4   Next: 15%
Magic:  5/5        EV: 13    Int: 11    God:
Gold:   0          SH:  0    Dex: 14    Spells: 5/5 levels left

rFire   . . .      SeeInvis .   a - +0 short sword
rCold   . . .      Faith    .   (no shield)
rNeg    . . .      Spirit   .   b - +0 leather armour
rPois   .          Reflect  .   (no helmet)
rElec   .          Harm     .   (no cloak)
rCorr   .          Rampage  .   (no gloves)
Will    .....                   (no boots)
Stlth   ++++......              (no amulet)
HPRegen 0.13/turn               (no ring)
MPRegen 0.09/turn               (no ring)

@: lethally poisoned (-6 -> -21), hasted, very quick
A: fangs 1, strong nose, distributed training
a: no special abilities


You were in a sewer.
You visited 1 branch of the dungeon, and saw 3 of its levels.
You also visited: Sewer.

Inventory:

Hand Weapons
 a - a +0 short sword (weapon)
Armour
 b - a +0 leather armour (worn)
Wands
 g - a wand of digging (3)
Scrolls
 c - a scroll of fog
 h - a scroll of holy word {unknown}
Potions
 f - a potion of haste


   Skills:
 + Level 6.6 Fighting
 + Level 4.6 Short Blades
 + Level 1.0 Long Blades
 + Level 1.0 Axes
 + Level 1.0 Maces & Flails
 + Level 1.0 Polearms
 + Level 1.0 Staves
 + Level 1.0 Slings
 + Level 1.0 Bows
 + Level 1.0 Crossbows
 + Level 1.0 Throwing
 + Level 1.0 Armour
 + Level 4.6 Dodging
 + Level 9.6 Stealth
 + Level 1.0 Shields
 + Level 1.0 Unarmed Combat
 + Level 1.0 Spellcasting
 + Level 0.8 Conjurations
 + Level 0.8 Hexes
 + Level 0.8 Summonings
 + Level 0.8 Necromancy
 + Level 0.8 Translocations
 + Level 0.8 Transmutations
 + Level 0.8 Fire Magic
 + Level 0.8 Ice Magic
 + Level 0.8 Air Magic
 + Level 0.8 Earth Magic
 + Level 0.8 Poison Magic
 + Level 1.1 Invocations
 + Level 1.0 Evocations


You had 5 spell levels left.
You didn't know any spells.
Your spell library was empty.

Dungeon Overview and Level Annotations

Branches:
Dungeon (6/15)              Sewer (1/1)
 Temple: D:4-7

Altars:


Innate Abilities, Weirdness & Mutations

You have very sharp teeth.
Your uncanny sense of smell can sniff out nearby items.
Your experience applies equally to all skills.


Message History

You miss the water moccasin.
The water moccasin is moderately wounded.
You feel sick. The water moccasin bites you.
You hit the water moccasin.
The water moccasin is moderately wounded.
You feel sick. The water moccasin bites you!
You miss the water moccasin.
The water moccasin is moderately wounded.
You feel sick.
The water moccasin bites you but does no damage.
You closely miss the water moccasin. Your bite misses the water moccasin.
The water moccasin is moderately wounded.
You hit the water moccasin. You bite the water moccasin.
The water moccasin is heavily wounded.
You feel sick. The water moccasin bites you.
* * * LOW HITPOINT WARNING * * *
You are lethally poisoned!
The water moccasin poisons you!
Unknown command.
Unknown command.
Unknown command.
Okay, then.
Unknown command.
You hit the water moccasin.
The water moccasin is severely wounded.
* * * LOW HITPOINT WARNING * * *
You feel very sick. The water moccasin bites you.
* * * LOW HITPOINT WARNING * * *
You miss the water moccasin.
You bite the water moccasin, but do no damage.
The water moccasin is severely wounded.
* * * LOW HITPOINT WARNING * * *
You feel sick. The water moccasin closely misses you.
You barely miss the water moccasin.
The water moccasin is severely wounded.
* * * LOW HITPOINT WARNING * * *
You feel very sick. The water moccasin bites you!
You die...

### .... .....
$.....#############
?......S@........∩#
$.....####.########
..... #.# .... #.#
### #.# #.# #.#
##.## ##...##


You could see a water moccasin.

Vanquished Creatures
  A water moccasin skeleton (D:5)
  An orc (D:6)
  5 bats (Sewer)
  An endoplasm (D:4)
  3 giant cockroaches (D:4)
  A hobgoblin (D:5)
  A jackal (D:4)
  A quokka (D:4)
14 creatures vanquished.

Notes
Turn   | Place    | Note
-------+----------+-------------------------------------------
     0 | D:5      | Reached skill level 9 in Stealth
     0 | D:5      | MisterFreud the Gnoll Delver began the quest for the Orb.
     0 | D:5      | Reached XP level 1. HP: 23/23 MP: 1/1
   188 | D:5      | Reached skill level 1 in Long Blades
   188 | D:5      | Reached skill level 1 in Axes
   188 | D:5      | Reached skill level 1 in Maces & Flails
   188 | D:5      | Reached skill level 1 in Polearms
   188 | D:5      | Reached skill level 1 in Staves
   188 | D:5      | Reached skill level 1 in Slings
   188 | D:5      | Reached skill level 1 in Bows
   188 | D:5      | Reached skill level 1 in Crossbows
   188 | D:5      | Reached skill level 1 in Throwing
   188 | D:5      | Reached skill level 1 in Armour
   188 | D:5      | Reached skill level 1 in Shields
   188 | D:5      | Reached skill level 1 in Unarmed Combat
   188 | D:5      | Reached skill level 1 in Spellcasting
   188 | D:5      | Reached skill level 1 in Invocations
   188 | D:5      | Reached skill level 1 in Evocations
   188 | D:5      | Reached XP level 2. HP: 27/29 MP: 1/3
   188 | D:5      | Reached XP level 3. HP: 33/35 MP: 1/4
   200 | D:4      | Noticed a water moccasin
   233 | D:4      | Found a glowing drain.
   244 | D:4      | Reached XP level 4. HP: 34/41 MP: 5/5
   259 | Sewer    | Entered a sewer
   363 | Sewer    | Noticed a water moccasin
   380 | Sewer    | HP: 1/41 [poisoned by a water moccasin]
   380 | Sewer    | Mangled by a water moccasin

Illustrated notes

Levels and vault maps discovered:
D:4:      layout_gridville, mainiacjoe_overflow_alcove_2, portal_sewer_entry_f,
          nicolae_specific_store, minmay_misc_feat_secret_circle, uniq_robin
D:5:      layout_loops_cross, lemuel_tele_altar, old_standard_altar,
          amcnicky_altar_gilded, temple_green, corexii_shack
D:6:      layout_loops_cross, beargit_hepliaklqana_dungeon_heroes,
          kennysheep_mini, minmay_misc_feat_x, minmay_misc_feat_rugged,
          moated_statue, kennysheep_boxes, uniq_blork_the_orc, uniq_pikel,
          uniq_grinder
Sewer:    sewer_big_baddie

Skill      XL: |  1 |
---------------+----+-----
Stealth        | |  9.6
Long Blades    | 1 |  1.0
Axes           | 1 |  1.0
Maces & Flails | 1 |  1.0
Polearms       | 1 |  1.0
Staves         | 1 |  1.0
Slings         | 1 |  1.0
Bows           | 1 |  1.0
Crossbows      | 1 |  1.0
Throwing       | 1 |  1.0
Armour         | 1 |  1.0
Shields        | 1 |  1.0
Unarmed Combat | 1 |  1.0
Spellcasting   | 1 |  1.0
Invocations    | 1 |  1.1
Evocations     | 1 |  1.0
Fighting       | |  6.6
Short Blades   | |  4.6
Dodging        | |  4.6
Conjurations   | |  0.8
Hexes          | |  0.8
Summonings     | |  0.8
Necromancy     | |  0.8
Translocations | |  0.8
Transmutations | |  0.8
Fire Magic     | |  0.8
Ice Magic      | |  0.8
Air Magic      | |  0.8
Earth Magic    | |  0.8
Poison Magic   | |  0.8

Action                   |  1- 3 |  4- 6 || total
-------------------------+-------+-------++-------
Melee: Short sword       |    29 |    36 ||    65
       Bite              |     2 |     6 ||     8
       Punch             |     1 |     1 ||     2
  Use: Scroll            |     2 |       ||     2
       Potion            |       |     1 ||     1
 Stab: Sleeping          |     1 |       ||     1
Armor: Leather armour    |     5 |     8 ||    13
Dodge: Dodged            |    17 |    26 ||    43
